 Dungeon Crawl Stone Soup version 0.27.1-33-g824d729ab1 (webtiles) character file.

Game seed: 8867787385771466758

124 vivovinco the Skirmisher (level 4, 0/37 HPs)
             Began as a Demonspawn Abyssal Knight on Dec 28, 2021.
             Was a Believer of Lugonu.
             Succumbed to an adder's poison
             ... on level 2 of the Dungeon.
             The game lasted 00:16:56 (2751 turns).

vivovinco the Skirmisher (DsAK)                     Turns: 2751, Time: 00:16:56

Health: 0/37       AC:  3    Str: 14    XL:     4   Next: 81%
Magic:  13/15      EV: 11    Int: 13    God:    Lugonu [**....]
Gold:   61         SH:  0    Dex: 12    Spells: 3/3 levels left

rFire    . . .     SeeInvis .   a - +1 hand axe
rCold    . . .     Faith    .   (no shield)
rNeg     . . .     Spirit   .   b - +0 leather armour
rPois    .         Reflect  .   (no helmet)
rElec    .         Harm     .   (no cloak)
rCorr    .         Rampage  .   (no gloves)
Will     .....                  (no boots)
Stlth    +.........             (no amulet)
HPRegen  0.12/turn              g - ring of magical power
MPRegen  0.14/turn              (no ring)

@: lethally poisoned (0 -> -5)
A: foul stench 2
a: Renounce Religion, Depart the Abyss, Bend Space


You were on level 2 of the Dungeon.
You worshipped Lugonu.
Lugonu was pleased with you.
You visited 1 branch of the dungeon, and saw 3 of its levels.
You visited the Abyss 1 time.

You collected 61 gold pieces.

Inventory:

Hand Weapons
 a - a +1 hand axe (weapon)
Missiles
 d - 71 stones (quivered)
Armour
 b - a +0 leather armour (worn)
Jewellery
 g - a ring of magical power (left hand)
Scrolls
 e - 2 scrolls of teleportation
 i - 3 scrolls of brand weapon


   Skills:
 + Level 3.7 Fighting
 + Level 3.7 Axes
 + Level 0.4 Throwing
 + Level 2.2 Armour
 + Level 0.8 Dodging
 + Level 2.7 Invocations


You had 3 spell levels left.
You didn't know any spells.
Your spell library contained the following spells:

 Spells                   Type           Power      Damage    Failure   Level
 Sublimation of Blood     Necr           0%         N/A       50%         2
 Petrify                  Tmut/Erth      0%         N/A       98%         4
 Irradiate                Conj/Tmut      0%         3d13      100%        5


Dungeon Overview and Level Annotations

Branches:
Dungeon (3/15)

Altars:


Innate Abilities, Weirdness & Mutations

You sometimes emit foul miasma when damaged in melee.


Message History

You hit the adder.
The adder is severely wounded.
You feel sick. The adder barely misses you.
You barely miss the adder.
The adder is severely wounded.
You feel sick.
You are no longer poisoned.
The adder closely misses you. The adder bites you.
You hit the adder.
The adder is almost dead.
The adder bites you.
You are poisoned.
The adder poisons you!
You closely miss the adder.
The adder is almost dead.
You feel sick. The adder bites you.
You are more poisoned.
The adder poisons you! The adder bites you.
You miss the adder.
The adder is almost dead.
You feel very sick. The adder bites you.
* * * LOW HITPOINT WARNING * * *
You emit a cloud of foul miasma!
Space bends around you!
You blink.
* * * LOW HITPOINT WARNING * * *
You feel sick.
The adder is engulfed in dark miasma.
The adder is poisoned.
You kill the adder!
Lugonu accepts your kill.
There is a lethal amount of poison in your body!
As you read the scroll labelled WOHORICZAN, it crumbles to dust.
You feel aware of your surroundings.
It was a scroll of magic mapping.
* * * LOW HITPOINT WARNING * * *
You feel sick.
Okay, then.
Space bends around you!
You blink.
* * * LOW HITPOINT WARNING * * *
You feel sick.
You don't have enough health at the moment.
You die...

*,,,**,,,* *,,,,,,*
##....#.#*, *,,,,**,**
*,8,,8,* ##.....#<#*,
*,,,,,***
**,,,,**##......###*,
*,,,,,,**#####*****
#.......####.
*****,,,,.....,,,,*
#######...... *****......,,,*
#.####. *......############.#
*, *..................#####♣
*.......@.........†'.....
*.............§....#####♣
*.####.####♣♣♣♣♣♣♣♣#
*****,**##+####♣P..♣.♣♣♣#####
*,,,,,,*#........P..PP......†
*,,,,,,*#......♣♣♣P♣...♣#####
*,,,,,,*#.......♣♣♣♣♣♣♣♣....#
*,,,,,,*#...................#
*,,,,,,*##.######...........#


There were no monsters in sight!

Vanquished Creatures
  5 adders (D:2)
  3 gnolls (D:2)
  A dart slug (D:1)
  7 endoplasms
  2 giant cockroaches (D:1)
  6 goblins (D:1)
  3 hobgoblins (D:1)
  4 kobolds
  3 quokkas
  10 ball pythons
  A bat (D:2)
  2 frilled lizards (D:1)
  2 rats (D:1)
49 creatures vanquished.

Vanquished Creatures (others)
  2 plants (D:2)
2 creatures vanquished.

Grand Total: 51 creatures vanquished

Notes
Turn   | Place    | Note
-------+----------+-------------------------------------------
     0 | Abyss:1  | vivovinco the Demonspawn Abyssal Knight began the quest for
                  | the Orb.
     0 | Abyss:1  | Reached XP level 1. HP: 18/18 MP: 2/2
    37 | Abyss:1  | Noticed a thrashing horror
    37 | Abyss:1  | Noticed a will-o-the-wisp
    38 | D:1      | Escaped the Abyss
    83 | D:1      | Reached * piety under Lugonu
   298 | D:1      | Gained mutation: You may rarely emit foul miasma when
                  | damaged in melee. [demonic ancestry]
   298 | D:1      | Reached XP level 2. HP: 18/24 MP: 3/3
  1112 | D:1      | Found a faded altar of an unknown god.
  1115 | D:1      | Gained mutation: You sometimes emit foul miasma when
                  | damaged in melee. [demonic ancestry]
  1115 | D:1      | Reached XP level 3. HP: 29/29 MP: 5/5
  2189 | D:2      | Reached XP level 4. HP: 36/36 MP: 6/6
  2469 | D:3      | Reached ** piety under Lugonu
  2750 | D:2      | HP: 1/37 [poisoned by an adder]
  2751 | D:2      | Succumbed to an adder's poison

Illustrated notes

Levels and vault maps discovered:
D:1:      scummos_arrival_hexagon, layout_basic, serial_rivers,
          chequers_serial_rivers_micro_b, chequers_serial_rivers_large_a,
          chequers_serial_rivers_room_a, chequers_serial_rivers_micro_c,
          chequers_serial_rivers_micro_b,
          dreamdust_ecumenical_altar_hidden_monk_grotto
D:2:      layout_basic, serial_forest, infiniplex_forest_zigzag_1,
          infiniplex_forest_straight_2, infiniplex_forest_lined_room_2,
          infiniplex_forest_end_1, infiniplex_forest_clump_curved, wad_orctagon
D:3:      minmay_door_path, layout_basic, minmay_quantized

Skill      XL: |  1  2  3 |
---------------+----------+-----
Axes           | 2 3 |  3.7
Armour         | 2 |  2.2
Fighting       | |  3.7
Throwing       | |  0.4
Dodging        | |  0.8
Invocations    | |  2.7

Action                   |  1- 3 |  4- 6 || total
-------------------------+-------+-------++-------
Melee: Hand axe          |   121 |    22 ||   143
Throw: Stone             |    24 |    18 ||    42
Invok: Depart the Abyss  |     1 |       ||     1
       Bend Space        |       |     6 ||     6
  Use: Scroll            |     3 |     1 ||     4
 Stab: Sleeping          |     1 |       ||     1
Armor: Leather armour    |    33 |     3 ||    36
Dodge: Dodged            |    55 |    16 ||    71
